Map: Nightshade LE

Players

Serral

  • Race: Zerg Zerg
  • League: Grandmaster
  • Spawn Location: 11:00

Reynor - Winner!

  • Race: Zerg Zerg
  • League: Master
  • Spawn Location: 5:00

Event: Shopify TSL 5

VOD

Have the link to the VOD?

Description

Time

  • Played on: May 24, 2020, 1:16 p.m.
  • Length: 8:56

All games in this series

Show
View Real Time Build Order
Export as new Build Order

Serral Zerg 

Build Orders: Hatch First 

Get SALT Encoding   

  12  0:00  Drone  
  13  0:12  Overlord  
  13  0:17  Drone  
  14  0:31  Drone x2  
  16  0:49  Hatchery  
  15  0:51  Drone  
  15  0:54  Drone  
  17  0:58  Drone  
  18  1:09  Extractor  
  17  1:13  Spawning Pool  
  17  1:16  Drone  
  17  1:20  Drone  
  18  1:27  Drone  
  19  1:38  Drone  
  20  1:49  Drone  
  21  2:00  Queen x2, Overlord  
  25  2:01  Zergling x2  
  26  2:09  Metabolic Boost  
  26  2:10  Drone  
  26  2:11  Drone  
  28  2:25  Drone x2  
  30  2:35  Zergling x2, Hatchery  
  30  2:37  Drone  
  31  2:46  Baneling Nest  
  31  2:47  Drone  
  31  2:50  Overlord  
  31  2:54  Drone x2  
  33  3:05  Drone x2  
  34  3:09  Zergling x2  
  34  3:11  Drone x4  
  40  3:14  Overlord  
  40  3:18  Zergling x2  
  40  3:19  Zergling x2  
  42  3:26  Evolution Chamber  
  41  3:28  Drone  
  41  3:33  Drone  
  43  3:40  Extractor, Drone x3, Roach Warren  
  45  3:50  Drone x3, Roach Warren  
  45  3:53  Drone  
  48  3:57  Overlord  
  48  4:00  Drone  
  48  4:01  Overlord  
  49  4:06  Zergling x4  
  49  4:09  Overlord  
  51  4:13  Overlord  
  50  4:26  Baneling  
  50  4:30  Roach x7  
  64  4:33  Roach  
  64  4:35  Roach  
  68  4:42  Roach x2  
  72  4:48  Roach x4  
  80  4:55  Zergling x6  
  83  5:00  Zergling x2  
  83  5:04  Zergling x2, Overlord  
  83  5:06  Baneling x5  
  85  5:08  Baneling  
  85  5:11  Zergling x2  
  85  5:13  Baneling  
  86  5:15  Zergling x6  
  86  5:20  Baneling  
  89  5:21  Baneling  
  87  5:34  Zergling x10  
  89  5:39  Zergling x8  
  79  5:51  Zergling x10  
  78  5:58  Zergling x10  
  78  6:00  Zerg Ground Armor Level 1  
  78  6:03  Extractor  
  71  6:06  Zergling x4  
  71  6:07  Queen  
  64  6:16  Baneling x2  
  64  6:17  Drone x5  
  69  6:27  Overlord  
  69  6:28  Roach x3  
  75  6:34  Roach  
  75  6:36  Roach  
  69  6:42  Roach x5  
  79  6:48  Roach x2  
  83  6:58  Roach x2  
  87  7:02  Roach  
  87  7:03  Roach x2  
  87  7:05  Overlord  
  93  7:12  Roach x2  
  93  7:13  Roach  
  98  7:15  Zergling x4  
  98  7:16  Zergling x4  
  98  7:19  Roach x2  
  106  7:22  Overlord  
  106  7:23  Overlord  
  106  7:30  Overlord  
  106  7:34  Zergling x4  
  106  7:35  Zergling x8  
  112  7:37  Zergling x2  
  112  7:38  Zergling x2  
  112  7:42  Zergling x4  
  116  7:47  Overlord  
  116  7:51  Baneling x10  
  116  7:52  Zergling x10  
  116  7:56  Zergling x2  
  116  7:57  Baneling x2  
  122  8:01  Zergling x2  
  122  8:02  Zergling x6  
  126  8:07  Zergling x8  
  125  8:19  Zergling x6  
  108  8:27  Zergling x2  
  108  8:28  Zergling x8  
  106  8:36  Zergling x8  
Show
View Real Time Build Order
Export as new Build Order

Reynor Zerg - Winner!

Build Orders: Hatch First 

Get SALT Encoding   

  12  0:00  Drone  
  13  0:12  Overlord  
  13  0:16  Drone  
  14  0:30  Drone x2  
  16  0:47  Hatchery  
  15  0:50  Drone  
  15  0:54  Drone  
  17  0:57  Drone  
  17  1:00  Extractor  
  17  1:13  Spawning Pool  
  17  1:17  Drone  
  17  1:20  Drone  
  18  1:27  Drone  
  19  1:38  Drone  
  20  1:49  Drone  
  21  1:59  Overlord  
  21  2:00  Queen x2, Zergling x2  
  26  2:06  Metabolic Boost  
  26  2:09  Drone  
  26  2:12  Drone  
  28  2:20  Drone  
  28  2:21  Drone  
  30  2:35  Hatchery  
  29  2:37  Zergling x2  
  29  2:40  Drone  
  29  2:42  Drone  
  32  2:50  Drone  
  33  2:52  Zergling x2, Baneling Nest  
  33  2:56  Overlord  
  33  3:05  Zergling x2  
  33  3:07  Drone x2  
  36  3:14  Drone x4  
  36  3:15  Drone  
  36  3:19  Overlord  
  41  3:25  Zergling x2  
  41  3:26  Evolution Chamber  
  41  3:27  Drone  
  41  3:33  Queen  
  44  3:35  Baneling  
  44  3:38  Drone x2  
  46  3:43  Drone x3  
  46  3:47  Overlord  
  49  3:55  Drone x2  
  51  3:56  Zergling x4  
  51  3:57  Zerg Missile Weapons Level 1  
  51  3:59  Drone  
  51  4:02  Drone x2  
  55  4:11  Roach Warren  
  55  4:12  Drone x2  
  55  4:17  Overlord  
  56  4:19  Drone x2  
  58  4:25  Extractor  
  58  4:26  Extractor  
  58  4:30  Drone x3  
  58  4:31  Drone x2  
  61  4:32  Drone  
  62  4:40  Drone  
  62  4:41  Overlord  
  63  4:49  Drone  
  63  4:52  Drone x3  
  67  4:53  Drone x2  
  67  4:55  Extractor  
  67  4:56  Roach  
  67  4:57  Roach  
  67  4:58  Overlord  
  73  5:00  Spine Crawler  
  73  5:01  Spine Crawler  
  73  5:02  Spine Crawler  
  73  5:04  Roach x2  
  73  5:06  Baneling x2  
  74  5:07  Roach  
  74  5:09  Roach x2  
  74  5:10  Roach  
  74  5:11  Baneling  
  82  5:14  Overlord  
  82  5:18  Roach, Spine Crawler  
  82  5:19  Baneling x2  
  82  5:20  Baneling  
  82  5:21  Roach  
  85  5:24  Roach  
  85  5:26  Queen  
  87  5:29  Roach  
  81  5:37  Roach x4  
  81  5:40  Roach, Zergling x2  
  81  5:41  Zergling x2  
  87  5:46  Roach, Zergling x2  
  87  5:49  Roach  
  89  5:50  Zergling x2  
  89  5:54  Roach  
  89  5:57  Queen  
  80  5:58  Roach  
  80  6:00  Roach  
  80  6:02  Drone  
  81  6:07  Queen  
  81  6:10  Roach  
  81  6:13  Baneling x2  
  81  6:14  Drone x2  
  83  6:21  Drone x2  
  83  6:23  Lair  
  85  6:28  Roach  
  85  6:31  Zergling x4  
  89  6:35  Drone  
  88  6:41  Drone x2  
  88  6:44  Pneumatized Carapace  
  88  6:45  Extractor x2  
  88  6:46  Drone  
  89  6:48  Drone x2  
  89  6:49  Baneling x2  
  89  6:50  Baneling  
  89  6:51  Baneling  
  91  6:54  Drone x2  
  91  6:55  Drone  
  91  6:58  Extractor  
  91  6:59  Overlord  
  93  7:04  Drone  
  93  7:05  Roach  
  96  7:09  Roach  
  96  7:11  Overlord  
  95  7:16  Drone x2  
  95  7:19  Overlord  
  95  7:20  Drone  
  95  7:21  Drone x6  
  104  7:23  Glial Reconstitution  
  104  7:31  Overseer  
  104  7:32  Queen  
  104  7:33  Roach  
  104  7:34  Spine Crawler  
  104  7:36  Spine Crawler  
  106  7:37  Roach x3  
  106  7:41  Roach  
  106  7:43  Spine Crawler  
  106  7:44  Roach x2, Spine Crawler  
  116  7:48  Roach x2  
  116  7:49  Overlord x2  
  120  7:53  Spine Crawler  
  120  7:55  Ravager  
  120  7:56  Ravager  
  121  8:00  Overlord  
  121  8:02  Overlord  
  121  8:05  Overlord  
  121  8:08  Ravager  
  121  8:09  Roach x7  
  128  8:12  Queen  
  128  8:18  Roach x4  
  124  8:20  Roach x3  
  124  8:22  Roach  
  120  8:27  Roach x2  
  120  8:31  Roach x2  
  112  8:35  Roach  
Tags
 
Add a new tag
Caveats
  • Supply blocks, unpowered buildings, or Contaminate may cause inaccurate times.
  • Supply counts are checked every 10 seconds.